 Dungeon Crawl Stone Soup version 0.19-a0-458-gfd99d95 (webtiles) character file.

13778 AlphabetPasta the Zephyrmancer (level 11, -2/80 HPs)
             Began as a Mottled Draconian Air Elementalist on June 1, 2016.
             Was a Priest of Vehumet.
             Slain by a skeletal warrior
             ... wielding a +0 trident
              (20 damage)
             ... on level 12 of the Dungeon on June 2, 2016.
             The game lasted 01:28:05 (15047 turns).

AlphabetPasta the Zephyrmancer (DrAE)              Turns: 15047, Time: 01:28:05

Health: -2/80      AC: 13    Str: 11    XL:     11   Next: 80%
Magic:  22/22      EV:  8    Int: 19    God:    Vehumet [***...]
Gold:   643        SH:  6    Dex: 11    Spells: 6 memorised, 11 levels left

rFire  . . .     SeeInvis +     F - staff of poison
rCold  . . .     Gourm    .     (armour unavailable)
rNeg   . . .     Faith    .     n - +1 buckler
rPois  +         Spirit   .     u - +1 hat
rElec  .         Dismiss  .     e - +2 cloak
rCorr  .         Reflect  .     J - +1 pair of gloves
SustAt .         Harm     .     (no boots)
MR     +....                    (no amulet)
Stlth  ++........               t - ring of see invisible
                                h - ring of protection from magic

@: repel missiles, somewhat resistant to hostile enchantments, unstealthy
A: breathe sticky flame splash, unfitting armour, cold-blooded, AC +7
a: Breathe Sticky Flame, Renounce Religion


You were on level 12 of the Dungeon.
You worshipped Vehumet.
Vehumet was most pleased with you.
You were not hungry.

You visited 2 branches of the dungeon, and saw 13 of its levels.

You collected 859 gold pieces.
You spent 216 gold pieces at shops.

Inventory:

Armour
 e - a +2 cloak (worn)
 n - a +1 buckler (worn)
 u - a +1 hat (worn)
 D - a +0 pair of gloves
 J - a +1 pair of gloves (worn)
Magical Staves
 F - an uncursed staff of poison (weapon)
Jewellery
 h - a ring of protection from magic (left hand)
 m - an uncursed ring of protection from magic
 t - a ring of see invisible (right hand)
 L - an uncursed ring of fire
Wands
 g - a wand of teleportation (4/9)
 v - a wand of flame (11/48)
 A - a wand of digging (17/24)
 H - a wand of flame (25/48)
 K - a wand of flame (31/48)
 M - a wand of paralysis (7/24)
 P - a wand of confusion (40/48)
Scrolls
 k - 4 scrolls of remove curse
 r - a scroll of teleportation
 w - 3 scrolls of amnesia
 x - a scroll of fear
 y - a scroll of enchant weapon
 z - 2 scrolls of enchant armour
 E - 2 scrolls of magic mapping
 G - a scroll of blinking
Potions
 c - 2 potions of might
 d - a potion of cure mutation
 i - 3 potions of flight
 j - 2 potions of curing
 o - 3 potions of heal wounds
 q - 3 potions of agility
 s - 2 potions of resistance
 C - a potion of invisibility
 I - 2 potions of cancellation {unknown}
Books
 a - a book of Air

   Spells                             Type                      Level
   a - Shock                          Conjuration/Air              1
   b - Swiftness                      Charms/Air                   2
   c - Repel Missiles                 Charms/Air                   2
   d - Static Discharge               Conjuration/Air              3
   e - Lightning Bolt                 Conjuration/Air              5
 f - a book of Geomancy

   Spells                             Type                      Level
   a - Sandblast                      Earth                        1
   b - Passwall                       Transmutation/Earth          2
   c - Stone Arrow                    Conjuration/Earth            3
   d - Petrify                        Transmutation/Earth          4
   e - Lee's Rapid Deconstruction     Earth                        5
 p - a book of Power

   Spells                             Type                      Level
   a - Fulminant Prism                Conjuration/Hexes            4
   b - Iskenderun's Mystic Blast      Conjuration                  4
   c - Venom Bolt                     Conjuration/Poison           5
   d - Bolt of Magma                  Conjuration/Fire/Earth       5
   e - Iron Shot                      Conjuration/Earth            6
   f - Orb of Destruction             Conjuration                  7
   g - Spellforged Servitor           Conjuration/Summoning        7
Comestibles
 b - 8 bread rations
 l - 3 meat rations
 B - 9 fruits
 N - 9 royal jellies
 O - 7 chunks of flesh


   Skills:
 - Level 2.5 Fighting
 - Level 3.0 Staves
 + Level 3.6 Dodging
 - Level 1.7 Stealth
 - Level 4.9 Shields
 - Level 1.0 Unarmed Combat
 + Level 7.9 Spellcasting
 + Level 8.2 Conjurations
 + Level 8.1 Fire Magic
 * Level 10.9 Air Magic
 - Level 3.0 Evocations


You had 11 spell levels left.
You knew the following spells:

 Your Spells              Type           Power        Failure   Level  Hunger
a - Shock                 Conj/Air       ####         1%          1    None
b - Repel Missiles        Chrm/Air       ####..       1%          2    None
c - Swiftness             Chrm/Air       ####....     1%          2    None
d - Static Discharge      Conj/Air       #####...     1%          3    None
e - Bolt of Magma         Conj/Fire/Erth ####......   10%         5    #####..
f - Flame Tongue          Conj/Fire      #####        1%          1    None


Dungeon Overview and Level Annotations

Branches:
Dungeon (12/15)            Temple (1/1) D:7            Lair (0/8) D:8
    Orc (0/2) D:12

Altars:
Ashenzari
Cheibriados
Dithmenos
Elyvilon
Fedhas
Gozag
Hepliaklqana
Kikubaaqudgha
Makhleb
Nemelex Xobeh
Okawaru
Pakellas
Qazlal
Ru
Sif Muna
Trog
Uskayaw
Vehumet
Xom
Yredelemnul
Zin
The Shining One

Shops:
D:4 !(??

Annotations:
D:3 Grinder
D:5 Kaishin's ghost, novice HOGl


Innate Abilities, Weirdness & Mutations

You can spit globs of burning liquid.
You can ignite nearby creatures when you spit burning liquid.
Your weird mottled scales are hard. (AC +7)
Your body does not fit into most forms of armour.
You are cold-blooded and may be slowed by cold attacks.


Message History

You start resting.
Eating one of 8 chunks of flesh.
This raw flesh tastes terrible.
You continue eating.
Magic restored.
You continue eating.
Things that are here:
a mace; an orc corpse A skeletal warrior comes into view.
It is wielding a trident.
You block the skeletal warrior's attack.
A gargoyle comes into view. It is wielding a flail.
The skeletal warrior hits you with a trident!
The skeletal warrior hits you from afar with a trident!!
The skeletal warrior hits you from afar with a trident!
The gargoyle hurls a stone arrow at you.
The stone arrow hits you!
* * * LOW HITPOINT WARNING * * *
There is a stone staircase leading up, spattered with blood here.
You see here an arrow.
The skeletal warrior hits you from afar with a trident!!
You die...

#.#.###.#
#.##.#...............
###.# #.#
#.##.#..#.##.###.####
### #..
#.##.#..#.##.# #.#
#.# #.##.#..#.##.#
#.# .# #.##.#..#.##.#
#.# #.##.#..#.#..#
#.#
#.#....9#.#..###.#
#..............#
#.@.z##........#
#.#######..###.# ...
#..# # #...## #..# #.
#.#> #..# #.# #.#
########.)###.### ...
................# #.#
########..###.#.# #.#
#..# #.#.#


You could see a skeletal warrior and a gargoyle.

Vanquished Creatures
  Urug (D:12)
  An unseen horror (D:11)
  Pikel (D:6)
  4 hill giants
  A cyclops (D:12)
  A gargoyle (D:11)
  2 trolls
  A slime creature (D:12)
  Sigmund (D:6)
  10 yaks
  A vampire (D:10)
  Eustachio (D:5)
  A hippogriff (D:11)
  Menkaure (D:4)
  2 mottled dragons (D:11)
  A water moccasin (D:9)
  3 soldier ants (D:11)
  Duvessa (D:6)
  7 orc warriors
  4 sky beasts
  An ice beast (D:7)
  2 ogres
  2 eyes of draining
  2 centaurs
  A crocodile (D:12)
  Blork the orc (D:5)
  6 giant frogs
  A wyvern zombie (D:9)
  Dowan (D:6)
  A wyvern skeleton (D:11)
  6 scorpions
  3 wights (D:9)
  5 killer bees (D:11)
  3 howler monkeys (D:12)
  3 electric eels
  5 centaur zombies
  8 crimson imps
  2 hounds
  7 orc priests
  3 jellies
  11 orc wizards
  5 centaur skeletons
  A giant frog skeleton (D:8)
  2 iguanas
  Natasha (thrice) (D:3)
  12 worker ants
  A hound skeleton (D:5)
  A howler monkey skeleton (D:5)
  10 adders
  3 shadow imps (D:5)
  3 white imps (D:9)
  2 ufetubi (D:9)
  An ooze (D:1)
  An adder skeleton (D:4)
  3 worms
  5 dart slugs
  7 giant geckos
  58 orcs
  4 ball pythons
  5 bats
  5 giant cockroaches
  4 goblins
  6 hobgoblins
  4 jackals
  13 kobolds
  6 quokkas
  3 giant newts
  A jackal skeleton (D:7)
  12 rats
300 creatures vanquished.

Vanquished Creatures (others)
  An orc (D:7)
1 creature vanquished.

Grand Total: 301 creatures vanquished

Notes
Turn   | Place    | Note
--------------------------------------------------------------
     0 | D:1      | AlphabetPasta the Draconian Air Elementalist began the quest for the Orb.
     0 | D:1      | Reached XP level 1. HP: 14/14 MP: 3/3
   301 | D:1      | Reached XP level 2. HP: 14/20 MP: 3/5
   308 | D:1      | Learned a level 2 spell: Repel Missiles
   311 | D:1      | Learned a level 2 spell: Swiftness
   938 | D:1      | Reached XP level 3. HP: 26/26 MP: 0/6
  2099 | D:2      | Reached XP level 4. HP: 27/33 MP: 0/8
  2397 | D:3      | Found a sparkling altar of Nemelex Xobeh.
  2451 | D:3      | Found a shadowy altar of Dithmenos.
  2464 | D:3      | Reached skill level 1 in Shields
  2543 | D:3      | Found a shimmering altar of Xom.
  2557 | D:3      | Found a snail-covered altar of Cheibriados.
  2580 | D:3      | Noticed Grinder
  2886 | D:3      | Noticed Natasha
  2893 | D:3      | Killed Natasha
  2893 | D:3      | Reached skill level 4 in Air Magic
  3196 | D:3      | Noticed Natasha
  3204 | D:3      | Killed Natasha
  3204 | D:3      | Reached XP level 5. HP: 33/38 MP: 2/9
  3248 | D:3      | Learned a level 3 spell: Static Discharge
  3335 | D:3      | Noticed Natasha
  3342 | D:3      | Killed Natasha
  3405 | D:4      | Noticed Menkaure
  3415 | D:4      | Killed Menkaure
  3415 | D:4      | Reached XP level 6. HP: 33/45 MP: 1/11
  3515 | D:4      | Learned a level 3 spell: Static Discharge
  3529 | D:4      | Found Samuy's Distillery.
  3534 | D:4      | Bought a potion of degeneration for 12 gold pieces
  3534 | D:4      | Bought a potion of curing for 36 gold pieces
  3534 | D:4      | Bought a potion of heal wounds for 60 gold pieces
  3666 | D:4      | Found Gupnexteqi's Magic Scroll Emporium.
  3677 | D:4      | Found Qeogoam's Magic Scroll Shop.
  3698 | D:4      | Found Vuneor's Weapon Boutique.
  3711 | D:4      | Bought a scroll of identify for 24 gold pieces
  3711 | D:4      | Bought a scroll of teleportation for 36 gold pieces
  3711 | D:4      | Bought a scroll of identify for 24 gold pieces
  3711 | D:4      | Bought a scroll of identify for 24 gold pieces
  4148 | D:3      | Found a white marble altar of Elyvilon.
  4350 | D:5      | Entered Level 5 of the Dungeon
  4561 | D:5      | Reached skill level 5 in Air Magic
  4561 | D:5      | Your scales start taking on a weird mottled colour.
  4561 | D:5      | Reached XP level 7. HP: 50/50 MP: 0/13
  4568 | D:5      | Learned a level 5 spell: Bolt of Magma
  4658 | D:5      | Upgraded the game from 0.19-a0-457-gbba3dae to 0.19-a0-458-gfd99d95
  5040 | D:5      | Noticed Kaishin's ghost (novice HOGl)
  5047 | D:5      | Reached skill level 1 in Fire Magic
  5243 | D:5      | Noticed Eustachio
  5261 | D:5      | Killed Eustachio
  5778 | D:5      | Found a burning altar of Makhleb.
  5990 | D:5      | Reached XP level 8. HP: 56/57 MP: 12/15
  6016 | D:5      | Noticed Blork the orc
  6025 | D:5      | Killed Blork the orc
  6279 | D:6      | Noticed Duvessa
  6285 | D:6      | Noticed Dowan
  6287 | D:6      | Killed Duvessa
  6287 | D:6      | Reached skill level 5 in Spellcasting
  6289 | D:6      | Killed Dowan
  6360 | D:6      | Noticed Sigmund
  6380 | D:6      | Killed Sigmund
  6380 | D:6      | Reached skill level 6 in Air Magic
  6696 | D:6      | Found a shattered altar of Ashenzari.
  6769 | D:6      | Noticed Pikel
  6801 | D:6      | Killed Pikel
  6801 | D:6      | Reached skill level 5 in Conjurations
  6801 | D:6      | Reached XP level 9. HP: 47/62 MP: 2/17
  7564 | D:7      | Reached skill level 1 in Unarmed Combat
  7764 | D:7      | Found a staircase to the Ecumenical Temple.
  7773 | Temple   | Entered the Ecumenical Temple
  8036 | D:7      | Reached skill level 7 in Air Magic
  8507 | D:7      | Reached skill level 1 in Fighting
  8562 | D:7      | Found an oddly glowing altar of Pakellas.
  9016 | D:8      | Found a sacrificial altar of Ru.
  9039 | D:8      | Found an opulent altar of Gozag.
  9077 | D:8      | Found a staircase to the Lair.
  9253 | D:8      | Found a radiant altar of Vehumet.
  9288 | D:8      | Became a worshipper of Vehumet
  9348 | D:8      | Found an iron altar of Okawaru.
  9505 | D:9      | Reached skill level 5 in Fire Magic
  9675 | D:9      | Found a stormy altar of Qazlal.
  9678 | D:9      | Found a hide-covered altar of Uskayaw.
  9681 | D:9      | Found a basalt altar of Yredelemnul.
  9756 | D:9      | Found a bloodstained altar of Trog.
  9804 | D:9      | Found an ancient bone altar of Kikubaaqudgha.
  9850 | D:9      | Reached skill level 1 in Staves
  9851 | D:9      | Reached skill level 8 in Air Magic
 10090 | D:9      | Reached XP level 10. HP: 52/74 MP: 10/19
 10237 | D:9      | Reached * piety under Vehumet
 10237 | D:9      | Offered knowledge of Flame Tongue by Vehumet.
 10484 | D:9      | Learned a level 1 spell: Flame Tongue
 10699 | D:10     | Entered Level 10 of the Dungeon
 10886 | D:10     | Noticed a hill giant
 10894 | D:10     | Killed a hill giant
 10973 | D:10     | Reached skill level 9 in Air Magic
 11284 | D:10     | Noticed a hill giant
 11296 | D:10     | Killed a hill giant
 11296 | D:10     | Reached skill level 1 in Evocations
 12152 | D:11     | Noticed a hill giant
 12162 | D:11     | Killed a hill giant
 12168 | D:11     | Offered knowledge of Throw Flame by Vehumet.
 12168 | D:11     | Reached XP level 11. HP: 59/80 MP: 8/21
 12248 | D:11     | Reached ** piety under Vehumet
 12804 | D:11     | Noticed an unseen horror
 12810 | D:11     | Killed an unseen horror
 12810 | D:11     | Reached skill level 10 in Air Magic
 13138 | D:11     | Offered knowledge of Throw Frost by Vehumet.
 13436 | D:11     | Noticed a hill giant
 13458 | D:11     | Killed a hill giant
 13763 | D:11     | Reached *** piety under Vehumet
 14284 | D:12     | Noticed Urug
 14295 | D:12     | Offered knowledge of Sticky Flame by Vehumet.
 14297 | D:12     | Killed Urug
 14847 | D:12     | Found a staircase to the Orcish Mines.
 15021 | D:12     | Noticed a skeletal warrior
 15047 | D:12     | Slain by a skeletal warrior

Vault maps used:
D:1:      lightli_molten_gateway
D:3:      lemuel_upstairs_altar, grunt_dithmenos_smoke_and_mirrors,
          kennysheep_slug_shrine, lemuel_crystal_altar, nemelex_deck,
          uniq_grinder, uniq_natasha
D:4:      serial_shops, shop, nicolae_shop_crystal, shop, shop, first_bread,
          minmay_distorted, uniq_menkaure
D:5:      makhleb_grotto_becter, st_stairs_7, uniq_eustachio, uniq_blork_the_orc
D:6:      cheibrodos_ashenzari_chains, serial_bayou_pond_d, uniq_sigmund,
          uniq_pikel, uniq_duvessa
D:7:      marbit_many_paths, minmay_temple_entry_glass
D:8:      kennysheep_mini, nicolae_ru_path_of_blood, nicolae_gozag_seed_capital,
          vehumet_altar_wand_db
D:9:      kennysheep_mini_moat, grunt_temple_overflow_diamond, serial_ice,
          serial_ice_g, serial_ice_e, serial_ice_j, serial_ice_c, basic_altar
D:11:     hangedman_pestilent_swarm
D:12:     david_orc_2, kennysheep_kite_vault, uniq_urug, uniq_kirke
Temple:   temple_island_7

Skill      XL: |  1  2  3  4  5  6  7  8  9 10 11 |
---------------+----------------------------------+-----
Dodging        | 2 3 |  3.6
Shields        | 1 2 3 4 |  4.9
Spellcasting   | 3 4 5 6 7 |  7.9
Conjurations   | 2 3 4 5 6 7 8 |  8.2
Air Magic      | 4 5 6 8 9 10 | 10.9
Fire Magic     | 2 4 5 6 8 |  8.1
Unarmed Combat | 1 |  1.0
Fighting       | 2 |  2.5
Staves         | 1 3 |  3.0
Evocations     | 2 3 |  3.0
Stealth        | |  1.7

Action                   |  1- 3 |  4- 6 |  7- 9 | 10-12 || total
-------------------------+-------+-------+-------+-------++-------
Melee: Unarmed           |    43 |     5 |    20 |       ||    68
       Tailslap          |     5 |       |     3 |       ||     8
 Cast: Shock             |   101 |   126 |   263 |   243 ||   733
       Repel Missiles    |     1 |       |     1 |     1 ||     3
       Static Discharge  |       |       |    17 |    46 ||    63
       Swiftness         |       |       |     1 |     1 ||     2
       Flame Tongue      |       |       |       |    85 ||    85
 Abil: Breathe Sticky Fl |       |       |    17 |    29 ||    46
Evoke: Wand              |       |     8 |    13 |       ||    21
  Use: Scroll            |       |    14 |     8 |     4 ||    26
       Potion            |       |       |     3 |       ||     3
  Eat: Chunk             |     5 |     6 |    13 |    16 ||    40
       Beef jerky        |       |     1 |       |     1 ||     2
       Pizza             |       |       |     2 |       ||     2
       Meat ration       |       |       |     1 |       ||     1
       Fruit             |       |       |     1 |     2 ||     3
       Royal jelly       |       |       |       |     1 ||     1
Armor: Skin              |     7 |    10 |    32 |    47 ||    96
Dodge: Dodged            |    19 |    31 |    62 |    94 ||   206
       Deflected         |       |       |     5 |     4 ||     9
Block: Buckler           |       |       |    20 |    42 ||    62
